 Dungeon Crawl Stone Soup version 0.30.1-11-g7821555f0a (webtiles) character file.

Game seed: 5985198743994578399

12276 anacleto the Zephyrmancer (level 11, -10/58 HPs)
             Began as a Tengu Air Elementalist on Dec 14, 2023.
             Was a Believer of Vehumet.
             Killed by divine providence
             ... invoked by a meliai
              (13 damage)
             ... on level 10 of the Dungeon.
             The game lasted 01:38:28 (19591 turns).

anacleto the Zephyrmancer (Tengu Air Elementalist) Turns: 19591, Time: 01:38:28

Health: -10/58     AC: 21    Str:  9    XL:     11   Next: 90%
Magic:  12/21      EV: 18    Int: 19    God:    Vehumet [**....]
Gold:   729        SH:  0    Dex: 15    Spells: 2/22 levels left

rFire   . . .        a - staff of conjuration
rCold   . . .        (no shield)
rNeg    . . .        y - +5 steam dragon scales
rPois   .            (helmet restricted)
rElec   .            I - +0 cloak
rCorr   .            E - +1 pair of gloves
SInv    .            (boots unavailable)
Will    .....        A - amulet of the acrobat
Stlth   ++++         n - +4 ring of protection
HPRegen 0.29/turn    F - +4 ring of protection
MPRegen 0.17/turn

%: acrobat
@: flying quickly and evasively, quick
A: beak, talons 3, nimble flight
a: Renounce Religion


You were on level 10 of the Dungeon.
You worshipped Vehumet.
Vehumet was pleased with you.
You visited 2 branches of the dungeon, and saw 11 of its levels.
You also visited: Bailey.

You collected 729 gold pieces.

Inventory:

Hand Weapons
 b - the +7 Spriggan's Knife {stab, EV+4 Stlth+}
   (You acquired it on level 9 of the Dungeon)

   Stab:      It is more effective when stabbing unaware enemies, sometimes
   treating them as though they were completely helpless.
   EV:        It affects your evasion (+4).
   Stlth:     It makes you more stealthy.
Missiles
 g - 115 stones (quivered)
 m - 2 throwing nets
Armour
 y - +5 steam dragon scales (worn)
 E - a +1 pair of gloves (worn)
 I - a +0 cloak (worn)
Magical Staves
 a - a staff of conjuration (weapon)
Jewellery
 h - a ring of see invisible
 n - a +4 ring of protection (left hand)
 A - an amulet of the acrobat (around neck)
 B - a ring of resist corrosion
 F - a +4 ring of protection (right hand)
Wands
 f - a wand of mindburst (5)
 v - a wand of polymorph (9)
 x - a wand of flame (22)
 H - a wand of digging (4)
Scrolls
 c - 2 scrolls of poison
 i - 12 scrolls of enchant weapon
 k - 2 scrolls of noise
 l - a scroll of fog
 t - a scroll of summoning
 u - a scroll of magic mapping
 w - a scroll of brand weapon
 G - a scroll of teleportation {unknown}
 L - a scroll of identify
Potions
 d - 2 potions of resistance {unknown}
 e - 3 potions of curing
 j - 2 potions of brilliance
 o - 2 potions of heal wounds {unknown}
 p - a potion of attraction {unknown}
 q - 3 potions of mutation
 r - a potion of invisibility {unknown}
 s - 5 potions of haste
 z - a potion of might {unknown}
 C - 3 potions of lignification {unknown}
 D - 2 potions of magic
 J - a potion of flight {unknown}
Miscellaneous
 K - a phial of floods


   Skills:
 + Level 2.5 Fighting
 + Level 2.9 Short Blades
 + Level 7.5 Dodging
 + Level 7.4 Stealth
 + Level 6.1 Spellcasting
 + Level 8.6 Conjurations
 + Level 1.3 Hexes
 + Level 2.2 Fire Magic
 * Level 14.3 Air Magic
 + Level 6.0 Poison Magic


You had 2 spell levels left.
You knew the following spells:

 Your Spells              Type           Power      Damage    Failure   Level
a - Shock                 Conj/Air       100%       1d9       1%          1
b - Static Discharge      Conj/Air       100%       2-7/arc   1%          2
c - Swiftness             Air            57%        N/A       1%          3
d - Poisonous Vapours     Pois/Air       88%        N/A       1%          2
e - Airstrike             Air            28%        2d(5-21)  1%          4
f - Mephitic Cloud        Conj/Pois/Air  59%        N/A       1%          3
g - Dazzling Flash        Conj/Hex       74%        N/A       4%          3
h - Scorch                Fire           28%        2d6       7%          2

Your spell library contained the following spells:

 Spells                   Type           Power      Damage    Failure   Level
 Frozen Ramparts          Ice            10%        1d2       32%         3
 Sublimation of Blood     Necr           5%         N/A       17%         2
 Wereblood                Tmut           5%         N/A       17%         2
 Freezing Cloud           Conj/Ice/Air   25%        6-21      13%         5
 Iskenderun's Mystic Bla  Conj/Tloc      33%        2d8       19%         4
 Volatile Blastmotes      Fire/Tloc      20%        2d11      22%         3
 Starburst                Conj/Fire      19%        6d7       88%         6
 Summon Hydra             Summ           2%         N/A       100%        7


Dungeon Overview and Level Annotations

Branches:
Dungeon (10/15)            Temple (1/1) D:6             Orc (0/2) D:9
 Bailey (visited)
   Lair: D:8-11

Altars:
Ashenzari
Cheibriados
Dithmenos
Elyvilon
Fedhas
Gozag
Hepliaklqana
Kikubaaqudgha
Nemelex Xobeh
Okawaru
Qazlal
Ru
Sif Muna
Trog
Uskayaw
Vehumet
Wu Jian
Xom
Yredelemnul
Zin
The Shining One


Innate Abilities, Weirdness & Mutations

You have a beak for a mouth.
You have claws for feet.
Your magical nature lets you fly swiftly and evasively.


Message History

You swap places.
The meliai hits your shadow with a +0 hand axe!
The meliai closely misses your shadow.
The meliai hits your shadow with a +0 hand axe!
Your shadow is destroyed!
Your shadow dissolves into shadows!
You swap places.
Your orc warrior hits the meliai with a +0 mace!
The meliai hits your orc warrior with a +0 hand axe!
The meliai stings your orc warrior.
You swap places.
The meliai invokes the aid of its god against you.
Something smites you!
The meliai closely misses your orc warrior.
The meliai stings your orc warrior!
Your orc warrior dies!
Your orc warrior's corpse dissolves into shadows!
Your orc wizard mumbles some strange words.
Your orc wizard flickers and vanishes for a moment.
The meliai hits your orc with a +0 hand axe!
Your orc dies!
Your orc's corpse dissolves into shadows!
Your magical contamination has completely faded away.
You swap places.
Your orc hits the meliai with a +0 morningstar!
The meliai dies!
Vehumet accepts your kill.
The meliai mumbles some strange prayers to its god against you.
Something smites you!
* * * LOW HITPOINT WARNING * * *
You feel better.
The meliai invokes the aid of its god against you.
Something smites you!
* * * LOW HITPOINT WARNING * * *
The meliai hits your orc warrior with a +0 hand axe.
The meliai closely misses your orc warrior.
Your orc warrior hits the meliai with a +0 short sword!
The meliai mumbles some strange prayers to its god against you.
Something smites you!
You die...

#########
######.......#
##......#####.#
####.......#####.####
#..........##........
#..#.......#...#.##..
#..#..........#..##..
#....#o###.......##..
#.##@#.###.##.#####..
#.##ooo....#### #.#
#..oDoo##### #..
####o### ### #y# #
#y# ##.#.####...
#......y...) ##
##.#.####### #.


You could see 2 meliai, a friendly orc warrior (summoned), a friendly acid
dragon (summoned), a friendly orc priest (summoned), 2 friendly orc wizards and
3 friendly orcs.

Vanquished Creatures
  A catoblepas (D:9)
  3 two-headed ogres
  A fire crab (shapeshifter) (D:9)
  An orc knight (Bailey)
  Pikel (D:4)
  3 ugly things (D:9)
  Maurice (D:9)
  Grinder (D:5)
  3 trolls (D:9)
  A slime creature (D:8)
  A yak (D:9)
  A wyvern (D:9)
  7 steam dragons
  Menkaure (D:5)
  A water moccasin (D:6)
  11 orc warriors
  A black bear (D:6)
  A sky beast (D:8)
  2 ogres
  A boggart (D:4)
  A lemure (D:4)
  3 phantoms (D:6)
  2 kobold brigands
  2 bullfrogs
  A gnoll sergeant (D:8)
  5 scorpions
  14 wights
  4 killer bees
  4 howler monkeys
  A jelly (D:6)
  2 hounds
  An iguana (D:6)
  5 orc priests
  6 sleepcaps
  Natasha (thrice) (D:2)
  10 orc wizards
  A centaur simulacrum (D:9)
  8 gnolls
  A river rat (D:5)
  13 adders
  A shadow imp (D:5)
  An ufetubus (D:4)
  3 worms
  2 dart slugs
  71 orcs
  5 ball pythons
  2 bats
  7 endoplasms
  4 giant cockroaches
  19 goblins
  5 hobgoblins
  4 jackals (D:2)
  5 quokkas
  A frilled lizard (D:2)
  14 kobolds
  11 rats
285 creatures vanquished.

Vanquished Creatures (collateral kills)
  A meliai (D:10)
  A gnoll (D:8)
  An orc (D:8)
3 creatures vanquished.

Vanquished Creatures (others)
  2 gnolls
  An orc (D:6)
3 creatures vanquished.

Grand Total: 291 creatures vanquished

Notes
Turn   | Place    | Note
-------+----------+-------------------------------------------
     0 | D:1      | anacleto the Tengu Air Elementalist began the quest for the
                  | Orb.
     0 | D:1      | Reached XP level 1. HP: 10/10 MP: 4/4
   249 | D:1      | Reached XP level 2. HP: 15/15 MP: 4/6
   481 | D:1      | Found a faded altar of an unknown god.
  1264 | D:2      | Reached XP level 3. HP: 13/19 MP: 2/7
  1313 | D:2      | Learned a level 2 spell: Static Discharge
  1317 | D:2      | Learned a level 3 spell: Swiftness
  1772 | D:2      | Noticed Natasha
  1813 | D:2      | Reached skill level 5 in Air Magic
  1813 | D:2      | Reached XP level 4. HP: 14/24 MP: 1/8
  1817 | D:2      | Killed Natasha
  2058 | D:2      | Noticed Natasha
  2067 | D:2      | Killed Natasha
  2068 | D:2      | Gained mutation: Your magical nature lets you fly swiftly
                  | and evasively. [Tengu growth]
  2068 | D:2      | Reached XP level 5. HP: 18/28 MP: 5/9
  2115 | D:2      | Learned a level 2 spell: Poisonous Vapours
  2587 | D:2      | Noticed Natasha
  2591 | D:2      | Killed Natasha
  2910 | D:3      | Noticed an ogre
  2942 | D:2      | Killed an ogre
  2943 | D:2      | Reached skill level 1 in Poison Magic
  2943 | D:2      | Reached XP level 6. HP: 17/32 MP: 3/11
  3425 | D:3      | Reached skill level 6 in Air Magic
  4042 | D:4      | Noticed Edmund
  4162 | D:4      | Noticed Pikel
  4559 | D:5      | Entered Level 5 of the Dungeon
  4585 | D:5      | Reached XP level 7. HP: 36/36 MP: 8/12
  4590 | D:5      | Learned a level 4 spell: Airstrike
  4627 | D:5      | Noticed a steam dragon
  4630 | D:5      | Noticed Menkaure
  4632 | D:5      | Noticed Grinder
  5243 | D:4      | Reached skill level 7 in Air Magic
  5839 | D:4      | Killed Pikel
  5840 | D:4      | Reached skill level 10 in Air Magic
  5840 | D:4      | Reached XP level 8. HP: 41/41 MP: 2/13
  5936 | D:4      | Edmund changed into Edmund the boggart
  5936 | D:4      | Noticed Edmund
  5944 | D:4      | Killed Edmund the boggart
  6881 | D:5      | Killed Menkaure
  7221 | D:5      | Found a hazy altar of Hepliaklqana.
  7222 | D:5      | Found a bloodstained altar of Trog.
  7550 | D:5      | Paralysed by Grinder for 2 turns
  7555 | D:5      | Killed Grinder
  7556 | D:5      | Reached skill level 11 in Air Magic
  7556 | D:5      | Reached XP level 9. HP: 45/45 MP: 2/15
  7674 | D:5      | Found a sparkling altar of Nemelex Xobeh.
  7676 | D:5      | Found an opulent altar of Gozag.
  7682 | D:5      | Identified the +1 ring mail of the Shining Light {rElec rN+
                  | Str+2}
  7903 | D:6      | Reached skill level 5 in Conjurations
  8160 | D:6      | Found a staircase to the Ecumenical Temple.
  8576 | D:6      | Reached skill level 5 in Dodging
  8813 | D:6      | Reached skill level 5 in Stealth
  9971 | D:7      | Reached skill level 12 in Air Magic
 10180 | Temple   | Entered the Ecumenical Temple
 10208 | Temple   | Became a worshipper of Vehumet
 10294 | D:6      | Learned a level 3 spell: Mephitic Cloud
 10353 | D:6      | Reached XP level 10. HP: 25/50 MP: 6/18
 10630 | D:7      | Found a sacrificial altar of Ru.
 10943 | D:7      | Found a basalt altar of Yredelemnul.
 11010 | D:8      | Found a flagged portal.
 11031 | Bailey   | Entered a bailey
 11423 | Bailey   | Noticed an orc knight
 11427 | Bailey   | Killed an orc knight
 11428 | Bailey   | Reached skill level 5 in Spellcasting
 11531 | Bailey   | Reached * piety under Vehumet
 11531 | Bailey   | Offered knowledge of Magic Dart by Vehumet.
 12363 | D:8      | Found a glowing golden altar of the Shining One.
 12666 | D:8      | Noticed a two-headed ogre
 12693 | D:8      | Killed a two-headed ogre
 12694 | D:8      | Reached skill level 13 in Air Magic
 12694 | D:8      | Reached skill level 5 in Poison Magic
 13213 | D:8      | Found a hide-covered altar of Uskayaw.
 13213 | D:8      | Noticed a +0 hand axe
 13214 | D:8      | Noticed a +0 dagger
 13454 | D:9      | Noticed Maurice
 13460 | D:9      | Killed Maurice
 14027 | D:9      | Identified a scroll of acquirement
 14028 | D:9      | Acquired the +7 Spriggan's Knife {stab, EV+4 Stlth+}
 14028 | D:9      | Found the +7 Spriggan's Knife {stab, EV+4 Stlth+}
 14047 | D:9      | Reached XP level 11. HP: 54/54 MP: 8/20
 14192 | D:9      | Learned a level 3 spell: Dazzling Flash
 14290 | D:9      | Noticed a two-headed ogre
 14332 | D:9      | Killed a two-headed ogre
 14333 | D:9      | Reached skill level 1 in Short Blades
 14485 | D:9      | Reached ** piety under Vehumet
 14529 | D:9      | Offered knowledge of Scorch by Vehumet.
 14530 | D:9      | Reached skill level 1 in Fighting
 14533 | D:9      | Learned a level 2 spell: Scorch
 15114 | D:9      | Noticed a brown ugly thing
 15635 | D:9      | Noticed a cyclops
 15772 | D:9      | Noticed a fire crab
 15777 | D:9      | Killed a fire crab
 15884 | D:9      | Found an ancient bone altar of Kikubaaqudgha.
 15974 | D:9      | Found a blossoming altar of Fedhas.
 15976 | D:9      | Found a shimmering blue altar of Sif Muna.
 15976 | D:9      | Found an ornate altar of the Wu Jian Council.
 15982 | D:9      | Found a shadowy altar of Dithmenos.
 16118 | D:9      | Reached skill level 1 in Fire Magic
 16256 | D:9      | Found a staircase to the Orcish Mines.
 16584 | D:9      | Noticed a white ugly thing
 16590 | D:9      | Noticed a brown ugly thing
 16602 | D:9      | Killed a brown ugly thing
 16603 | D:9      | Reached skill level 14 in Air Magic
 16650 | D:9      | Noticed a catoblepas
 16673 | D:9      | Killed a catoblepas
 17159 | D:9      | Offered knowledge of Frozen Ramparts by Vehumet.
 17167 | D:9      | Reached skill level 1 in Hexes
 17459 | D:9      | Identified the staff of poison "Ifuod" {Fly rPois Str+3}
 17956 | D:9      | Killed a white ugly thing
 18146 | D:9      | Killed a white ugly thing
 18294 | D:10     | Entered Level 10 of the Dungeon
 18530 | D:10     | Noticed a two-headed ogre
 18595 | D:9      | Killed a two-headed ogre
 19591 | D:10     | Killed from afar by a meliai

Illustrated notes

Levels and vault maps discovered:
D:1:      onia_arrival_handbag, layout_loops_corners,
          chequers_ecumenical_altar_simple, hangedman_decor_growths
D:2:      layout_loops_cross, minmay_stone_trees_small,
          amcnicky_mini_pool_small, uniq_natasha
D:3:      layout_basic, hellmonk_no_cap
D:4:      layout_basic, uniq_edmund, uniq_pikel
D:5:      layout_cave_pools, grunt_temple_overflow_opulence,
          nicolae_overflow_two_pavilions, portal_sewer_entry_b, kennysheep_nub,
          uniq_grinder, uniq_menkaure
D:6:      kennysheep_steamy, layout_cave_pods, minmay_temple_entry_from_below_b,
          minmay_ogre_servants
D:7:      layout_rooms, nicolae_ru_the_path_less_chosen, lemuel_crystal_altar,
          wad_rectangle_vault
D:8:      layout_loops_ring, mainiacjoe_overflow_brackets,
          dancing_weapons_uskayaw, enter_bailey_5, minmay_starry_boxes
D:9:      minmay_the_grid_octo_triangle [minmay_the_grid_octo_horde,
          minmay_the_grid_octo_prize_big_c, minmay_the_grid_octo_empty],
          layout_layer_cave, nicolae_overflow_hallway_of_the_gods,
          hiddenorc2_lemuel, minmay_holes, chequers_serial_rivers_micro_d,
          hangedman_abyss_or_decor_lesser_grid, minmay_misc_feat_columns,
          chequers_serial_rivers_marsh, uniq_maurice
D:10:     layout_loops_cross, lightli_temple_of_fire
Temple:   hellmonk_temple_micro_hex

Skill      XL: |  1  2  3  4  5  6  7  8  9 10 11 |
---------------+----------------------------------+-----
Conjurations   | 2 3 4 6 7 8 |  8.6
Air Magic      | 5 6 10 11 12 13 14 | 14.3
Dodging        | 3 4 5 6 7 |  7.5
Stealth        | 3 4 5 6 7 |  7.4
Poison Magic   | 1 2 4 5 6 |  6.0
Spellcasting   | 3 4 5 6 |  6.1
Short Blades   | 2 |  2.9
Fighting       | 2 |  2.5
Fire Magic     | 2 |  2.2
Hexes          | 1 |  1.3

Action                     |  1- 3 |  4- 6 |  7- 9 | 10-12 || total
---------------------------+-------+-------+-------+-------++-------
  Melee: Falchion          |     4 |       |       |       ||     4
         Kick              |     3 |     2 |     4 |     9 ||    18
         Peck              |     2 |     1 |     1 |     4 ||     8
         Unarmed           |     1 |       |       |       ||     1
         Dagger            |    13 |       |       |       ||    13
         Staff             |     1 |    17 |    13 |     5 ||    36
         Punch             |       |       |       |     1 ||     1
         Knife             |       |       |       |    18 ||    18
  Throw: Throwing net      |       |       |     2 |       ||     2
         Stone             |       |       |     1 |       ||     1
   Cast: Shock             |    71 |    62 |    69 |   135 ||   337
         Static Discharge  |     1 |     5 |    35 |    14 ||    55
         Swiftness         |     1 |     2 |     1 |     5 ||     9
         Poisonous Vapours |       |    24 |    64 |    53 ||   141
         Airstrike         |       |       |    47 |   119 ||   166
         Mephitic Cloud    |       |       |       |     7 ||     7
         Scorch            |       |       |       |     7 ||     7
         Dazzling Flash    |       |       |       |     3 ||     3
  Evoke: Wand              |       |       |     2 |     9 ||    11
    Use: Potion            |     1 |     1 |     2 |     2 ||     6
         Scroll            |     1 |     2 |    10 |    13 ||    26
 Armour: Robe              |     5 |     9 |     8 |       ||    22
         Steam dragon scal |       |       |    25 |    39 ||    64
  Dodge: Dodged            |    37 |    17 |    90 |   129 ||   273
